 Dungeon Crawl Stone Soup version 0.19-a0-1365-gb34f4cb (webtiles) character file.

42 Amnesiac the Grave Robber (level 3, -2/19 HPs)
             Began as a Deep Elf Necromancer on Sept 2, 2016.
             Slain by a killer bee (7 damage)
             ... on level 3 of the Dungeon.
             The game lasted 00:01:28 (591 turns).

Amnesiac the Grave Robber (Deep Elf Necromancer)     Turns: 591, Time: 00:01:29

Health: -2/19      AC:  2    Str:  5    XL:     3   Next: 35%
Magic:  6/10       EV: 13    Int: 19    God:
Gold:   27         SH:  0    Dex: 16    Spells: 2 memorised, 6 levels left

rFire  . . .     SeeInvis .     (no weapon)
rCold  . . .     Gourm    .     a - +0 robe
rNeg   . . .     Faith    .     (no shield)
rPois  .         Spirit   .     (no helmet)
rElec  .         Dismiss  .     (no cloak)
rCorr  .         Reflect  .     (no gloves)
MR     .....     Harm     .     (no boots)
Stlth  ++........               (no amulet)
                                (no ring)
                                (no ring)

@: no status effects
A: no striking features
a: no special abilities


You were on level 3 of the Dungeon.
You were not hungry.

You visited 1 branch of the dungeon, and saw 4 of its levels.

You collected 27 gold pieces.

Inventory:

Armour
 a - a +0 robe (worn)
Scrolls
 f - a scroll of teleportation {unknown}
Potions
 d - a potion of experience {unknown}
 e - 2 potions of lignification {unknown}
Books
 b - a book of Necromancy

   Spells                             Type                      Level
   a - Pain                           Necromancy                   1
   b - Animate Skeleton               Necromancy                   1
   c - Vampiric Draining              Necromancy                   3
   d - Regeneration                   Charms/Necromancy            3
   e - Animate Dead                   Necromancy                   4
   f - Control Undead                 Necromancy                   4
Comestibles
 c - a bread ration


   Skills:
 - Level 2.4 Dodging
 - Level 2.4 Stealth
 + Level 4.0 Spellcasting
 * Level 5.8 Necromancy


You had 6 spell levels left.
You knew the following spells:

 Your Spells              Type           Power        Failure   Level  Hunger
f - Vampiric Draining     Necr           ####......   4%          3    ###....
z - Pain                  Necr           ####         1%          1    None


Dungeon Overview and Level Annotations

Branches:
Dungeon (4/15)
 Temple: D:4-7

Altars:
Uskayaw


Message History

The killer bee writhes in agony!
The killer bee moves out of view.
The killer bee barely misses you.
Casting: Pain
Confirm with . or Enter, or press ? or * to list all spells.
Aiming: Pain
Press: ? - help, Shift-Dir - straight line, f/p - killer bee
Aim: a killer bee (heavily wounded, chance to defeat MR: 89%)
The killer bee barely resists.
The killer bee barely misses you.
A killer bee comes into view.
The killer bee buzzes angrily.
Casting: Pain
Confirm with . or Enter, or press ? or * to list all spells.
Aiming: Pain
Press: ? - help, Shift-Dir - straight line, f/p - killer bee
Aim: a killer bee (heavily wounded, chance to defeat MR: 89%)
The killer bee writhes in agony!
The killer bee stings you!
* * * LOW HITPOINT WARNING * * *
A killer bee and a kobold come into view.
The killer bee stings you!
You die...

#. #.# #. #.# ##. #.# ##..
#.# ... #.# ######.###
##########.# ........y#
#........†.#
######.#y######K##########
#.#.y@.....# #.##########
#. #. .. ##


You could see 2 killer bees and a kobold (wandering).

Vanquished Creatures
  A worker ant (D:4)
  An adder (D:2)
  2 dart slugs
  A giant cockroach (D:3)
  A hobgoblin (D:1)
  A kobold (D:1)
  A ball python (D:3)
  A giant newt (D:3)
9 creatures vanquished.

Notes
Turn   | Place    | Note
-------+----------+-------------------------------------------
     0 | D:1      | Amnesiac the Deep Elf Necromancer began the quest for the Orb.
     0 | D:1      | Reached XP level 1. HP: 10/10 MP: 6/6
   173 | D:2      | Reached skill level 5 in Necromancy
   201 | D:2      | Reached XP level 2. HP: 10/15 MP: 4/8
   366 | D:4      | Found a hide-covered altar of Uskayaw.
   375 | D:4      | Reached XP level 3. HP: 15/19 MP: 4/10
   567 | D:3      | Learned a level 3 spell: Vampiric Draining
   584 | D:3      | Noticed a killer bee
   586 | D:3      | Noticed a killer bee
   587 | D:3      | Noticed a killer bee
   591 | D:3      | Noticed a killer bee
   591 | D:3      | Slain by a killer bee

Vault maps used:
D:1:      dpeg_arrival_simpleton_b
D:2:      lemuel_round_altar, first_bread
D:4:      overflow_temple_1_default, uniq_edmund

Skill      XL: |  1  2 |
---------------+-------+-----
Necromancy     | 5 |  5.8
Spellcasting   | 4 |  4.0
Dodging        | |  2.4
Stealth        | |  2.4

Action                   || total
-------------------------++-------
 Cast: Pain              ||    23
Armor: Robe              ||     1
Dodge: Dodged            ||     6
